 Dungeon Crawl Stone Soup version 0.21-a0-110-g8e1637b (webtiles) character file.

27414 MatthieuS the Nimble (level 13, -7/90 HPs)
             Began as a Kobold Enchanter on July 10, 2017.
             Was a High Priest of Dithmenos.
             Mangled by a catoblepas (28 damage)
             ... on level 3 of the Lair of Beasts.
             The game lasted 01:29:42 (19832 turns).

MatthieuS the Nimble (Kobold Enchanter)            Turns: 19832, Time: 01:29:42

Health: -7/90      AC: 10    Str: 15    XL:     13   Next: 65%
Magic:  16/16      EV: 26    Int: 17    God:    Dithmenos [*****.]
Gold:   790        SH:  7    Dex: 16    Spells: 7/16 levels left

rFire    + . .     SeeInvis .   b - +1 quick blade (freeze)
rCold    . . .     Gourm    .   s - +1 buckler
rNeg     . . .     Faith    .   O - +1 robe of Miucs {rCorr Str+6} (curse)
rPois    +         Spirit   .   r - +2 hat
rElec    .         Reflect  .   C - scarf {cloud immunity}
rCorr    +         Harm     +   (no gloves)
MR       +....                  (no boots)
Stlth    +++++++...             j - amulet of harm
HPRegen  0.25/turn              e - +4 ring of protection
MPRegen  0.15/turn              G - ring of Dagoaz {rF+ MR+}

@: wreathed by umbra
A: rugged brown scales 1, blurry vision 1, carnivore 3, poison resistance
a: Shadow Step, Shadow Form, Renounce Religion


You were on level 3 of the Lair of Beasts.
You worshipped Dithmenos.
Dithmenos was extremely pleased with you.
You were very full.

You visited 2 branches of the dungeon, and saw 14 of its levels.
You also visited: Ice Cave.

You collected 850 gold pieces.
You spent 60 gold pieces at shops.

Inventory:

Hand Weapons
 a - a +3 short sword of draining
 b - a +1 quick blade of freezing (weapon)
 y - a +0 hand crossbow
Missiles
 f - 48 poisoned needles
 g - 448 stones (quivered)
Armour
 r - a +2 hat (worn)
 s - a +1 buckler (worn)
 B - a +0 cloak
 C - a scarf of cloud immunity (worn)
 O - the cursed +1 robe of Miucs (worn) {rCorr Str+6}
   (You found it on level 10 of the Dungeon)

   It affects your strength (+6).
   It protects you from acid and corrosion.
   It has a curse placed upon it.
Jewellery
 e - a +4 ring of protection (left hand)
 j - an amulet of harm (around neck)
 G - the ring of Dagoaz (right hand) {rF+ MR+}
   (You found it on level 6 of the Dungeon)

   [ring of protection from fire]

   It protects you from fire.
   It affects your resistance to hostile enchantments.
 Q - an uncursed amulet of regeneration
Wands
 k - a wand of iceblast (13/15)
 u - a wand of confusion (7/48)
 x - a wand of acid (9/15)
 E - a wand of confusion (15/48)
 F - a wand of disintegration (7/24)
 H - a wand of lightning (4/15)
Scrolls
 i - 2 scrolls of amnesia
 l - 2 scrolls of magic mapping
 m - 6 scrolls of teleportation
 o - a scroll of fog
 q - 8 scrolls of remove curse
 t - 4 scrolls of blinking
 v - 2 scrolls of recharging
Potions
 h - a potion of brilliance
 p - a potion of invisibility {unknown}
 A - 2 potions of haste
 J - a potion of lignification
 K - a potion of magic {unknown}
 P - a potion of flight {unknown}
Books
 c - a book of Maledictions

   Spells                             Type                      Level
   a - Corona                         Hexes                        1
   b - Ensorcelled Hibernation        Hexes/Ice                    2
   c - Confuse                        Hexes                        3
   d - Tukima's Dance                 Hexes                        3
   e - Dazzling Spray                 Conjuration/Hexes            3
 M - a book of Cantrips

   Spells                             Type                      Level
   a - Confusing Touch                Hexes                        1
   b - Animate Skeleton               Necromancy                   1
   c - Summon Small Mammal            Summoning                    1
   d - Apportation                    Translocation                1
Comestibles
 d - 6 meat rations
 n - 7 royal jellies


   Skills:
 + Level 13.0 Fighting
 - Level 8.2 Short Blades
 + Level 14.4 Dodging
 + Level 9.4 Stealth
 - Level 4.1 Shields
 - Level 2.1 Spellcasting
 - Level 10.3 Hexes


You had 7 spell levels left.
You knew the following spells:

 Your Spells              Type           Power        Failure   Level  Hunger
a - Corona                Hex            #####..      1%          1    #......
b - Ensorcelled Hibernat  Hex/Ice        ###...       4%          2    ###....
c - Confuse               Hex            #####...     1%          3    ###....
d - Tukima's Dance        Hex            #####...     1%          3    ###....


Dungeon Overview and Level Annotations

Branches:
Dungeon (11/15)            Temple (0/1) D:7            Lair (3/6) D:8
  Swamp: Lair:2-4    Shoals: Lair:2-4     Snake: Lair:2-4    Spider: Lair:2-4
    Orc: D:9-12

Altars:
Ashenzari
Cheibriados
Dithmenos
Fedhas
Gozag
Makhleb
Nemelex Xobeh
Okawaru
Qazlal
Vehumet
Xom
Zin
The Shining One

Shops:
D:4 *

Annotations:
D:4 exclusion: oklob plant
Lair:3 Rupert


Innate Abilities, Weirdness & Mutations

You are small and have problems with some larger weapons.
You are carnivorous and can eat meat at any time.
You are partially covered in rugged brown scales. (AC +1, +3% HP)
Scrolls take you a little longer to read.
Your system is resistant to poisons. (rPois)


Message History

You're too confused!
Okay, then.
You're too confused!
You hit the plant. You freeze the plant.
The plant is lightly damaged.
Your shadow hits the plant but does no damage.
You feel less invigorated.
You feel less confused.
Aiming: Shadow Step
Press: ? - help, Dir - move target cursor, f/p - catoblepas
Aim: a catoblepas (black smoke, lightly wounded, umbra) That shadow isn't sufficiently still.
Okay, then.
Okay, then.
Aiming: Confuse
Press: ? - help, Shift-Dir - straight line, f/p - catoblepas
Aim: a catoblepas (black smoke, lightly wounded, umbra, chance to defeat MR: 1%)
The catoblepas resists with almost no effort.
This wand has 7 charges left.
The catoblepas gores you!!
You die...

..............P.#...####
........................
.#.........#..##...##...
........................
##..P#...####....†..#...
........................
...#.#..#........P#§#............
................§§.§§............
......#..#....P.@Y§§§§........#P.
................§§§§§§§..........
...........#.#..####§§§#.#...#.##
...................§§§§†.<.......
..P...#....#P.......§.......#....
.................................
.......#÷..PP...........P.##.....
........÷........................
PP.PP..P##.##.#.......#####P..#..


You could see a catoblepas.

Vanquished Creatures
  Gastronok (Lair:1)
  3 hydras
  2 two-headed ogres
  2 ugly things
  A cyclops (D:9)
  4 elephants
  3 spiny frogs (Lair:2)
  A rime drake (Lair:2)
  4 komodo dragons
  2 ice devils (IceCv)
  2 trolls
  11 hippogriffs
  3 wyverns
  34 yaks
  2 basilisks (Lair:1)
  Grum (D:9)
  A hungry ghost (D:10)
  8 vampire mosquitoes
  Menkaure (D:5)
  4 water moccasins
  4 orc warriors
  2 black bears
  2 porcupines
  2 sky beasts
  A necrophage (D:5)
  2 eyes of draining
  A phantom (D:11)
  3 ice beasts
  14 wolves
  3 ogres
  10 centaurs
  4 crocodiles
  2 big kobolds
  10 bullfrogs
  A water moccasin zombie (D:9)
  A wyvern zombie (D:8)
  A scorpion (D:6)
  10 killer bees
  A wight (D:8)
  7 crimson imps
  5 jellies
  4 orc priests
  8 hounds
  2 bullfrog skeletons
  A gnoll shaman (D:8)
  9 orc wizards
  Crazy Yiuf (D:5)
  2 iguanas
  9 worker ants
  Terence (D:2)
  A hound zombie (D:11)
  A hound skeleton (D:7)
  2 worker ant zombies
  11 adders
  14 gnolls
  5 shadow imps
  16 white imps
  3 ufetubi (IceCv)
  2 oozes
  2 adder skeletons
  2 worms
  A dart slug (D:3)
  12 leopard geckos
  36 orcs
  5 giant cockroaches
  12 goblins
  5 hobgoblins
  8 jackals
  6 quokkas
  6 bats
  5 frilled lizards
  17 kobolds
  6 rats
391 creatures vanquished.

Vanquished Creatures (collateral kills)
  2 two-headed ogres
  2 ogres
  2 wights (D:8)
  A gnoll (D:8)
  2 orcs
  A fungus (Lair:2)
10 creatures vanquished.

Vanquished Creatures (others)
  10 dancing weapons
  6 white imps (IceCv)
  4 ufetubi (IceCv)
  9 fungi
  5 plants
34 creatures vanquished.

Grand Total: 435 creatures vanquished

Notes
Turn   | Place    | Note
-------+----------+-------------------------------------------
     0 | D:1      | MatthieuS the Kobold Enchanter began the quest for the Orb.
     0 | D:1      | Reached XP level 1. HP: 10/10 MP: 3/3
   344 | D:1      | Reached XP level 2. HP: 15/15 MP: 3/5
   386 | D:1      | Learned a level 2 spell: Ensorcelled Hibernation
   766 | D:1      | Reached XP level 3. HP: 14/19 MP: 3/6
  1529 | D:1      | Reached skill level 3 in Dodging
  1948 | D:2      | Reached XP level 4. HP: 24/24 MP: 7/7
  1952 | D:2      | Reached skill level 5 in Stealth
  2051 | D:2      | Found a shadowy altar of Dithmenos.
  2054 | D:2      | Became a worshipper of Dithmenos the Shadowed
  2089 | D:2      | Noticed Terence
  2255 | D:2      | Learned a level 3 spell: Confuse
  3057 | D:3      | Reached skill level 1 in Shields
  3111 | D:3      | Reached XP level 5. HP: 28/28 MP: 2/8
  3513 | D:3      | Found an opulent altar of Gozag.
  3514 | D:3      | Found a radiant altar of Vehumet.
  3515 | D:3      | Found a burning altar of Makhleb.
  3515 | D:3      | Found a snail-covered altar of Cheibriados.
  3976 | D:4      | Found a blossoming altar of Fedhas.
  3999 | D:4      | Noticed an oklob plant
  4073 | D:4      | Found Pocets's General Store.
  4077 | D:4      | Bought 3 scrolls of identify for 60 gold pieces
  4088 | D:4      | Noticed a centaur
  4103 | D:4      | Killed a centaur
  4103 | D:4      | Reached XP level 6. HP: 32/32 MP: 6/9
  4124 | D:4      | Found a sparkling altar of Nemelex Xobeh.
  4125 | D:4      | Found a shattered altar of Ashenzari.
  4282 | D:4      | Learned a level 3 spell: Tukima's Dance
  4436 | D:4      | Noticed an angel
  4438 | D:4      | Found a shimmering altar of Xom.
  4439 | D:4      | Found a glowing silver altar of Zin.
  4806 | D:5      | Entered Level 5 of the Dungeon
  4806 | D:5      | Noticed Menkaure
  5015 | D:5      | Reached skill level 1 in Fighting
  5078 | D:5      | Reached skill level 5 in Short Blades
  5084 | D:5      | Noticed an ogre
  5352 | D:5      | Reached XP level 7. HP: 38/38 MP: 10/10
  5371 | D:5      | Killed Menkaure
  5371 | D:5      | Reached skill level 4 in Dodging
  5789 | D:5      | Reached skill level 5 in Dodging
  5828 | D:5      | Found a runed door.
  5860 | D:5      | Noticed Crazy Yiuf
  5864 | D:5      | Killed Crazy Yiuf
  5864 | D:5      | Reached XP level 8. HP: 46/46 MP: 6/11
  6033 | D:5      | Reached skill level 5 in Hexes
  6071 | D:5      | Reached * piety under Dithmenos
  6304 | D:5      | Reached skill level 6 in Dodging
  6438 | D:6      | Got a wavering granite ring
  6451 | D:6      | Identified the ring of Dagoaz {rF+ MR+} (You found it on level 6 of the Dungeon)
  6804 | D:6      | Found an iron altar of Okawaru.
  6825 | D:6      | Gained mutation: You are partially covered in rugged brown scales. (AC +1, +3% HP) [potion of mutation]
  6825 | D:6      | Gained mutation: Scrolls take you a little longer to read. [potion of mutation]
  6825 | D:6      | Gained mutation: Your system is resistant to poisons. (rPois) [potion of mutation]
  6909 | D:6      | Found an opulent altar of Gozag.
  7074 | D:6      | Reached skill level 5 in Fighting
  7136 | D:6      | Found a glowing golden altar of the Shining One.
  7162 | D:6      | Reached XP level 9. HP: 24/55 MP: 2/12
  7511 | D:2      | Reached skill level 7 in Dodging
  7578 | D:2      | Killed Terence
  7776 | D:7      | Reached ** piety under Dithmenos
  7981 | D:7      | Noticed a hippogriff
  8016 | D:7      | Killed a hippogriff
  8026 | D:7      | Found a staircase to the Ecumenical Temple.
  8041 | D:7      | Found Gaufesupp's Goods Gallery.
  8345 | D:7      | Reached skill level 8 in Dodging
  8673 | D:8      | Reached XP level 10. HP: 55/64 MP: 8/13
  8713 | D:8      | Found a staircase to the Lair.
  8762 | D:8      | Noticed a two-headed ogre
  8783 | D:8      | Killed a two-headed ogre
  8783 | D:8      | Reached skill level 9 in Dodging
  8899 | D:8      | Reached *** piety under Dithmenos
  9951 | D:9      | Noticed a cyclops
  9956 | D:9      | Killed a cyclops
 10093 | D:9      | Noticed Grum
 10120 | D:9      | Killed Grum
 10140 | D:9      | Reached skill level 10 in Dodging
 10309 | D:9      | Found a stormy altar of Qazlal.
 10347 | D:9      | Reached **** piety under Dithmenos
 10639 | D:9      | Noticed a two-headed ogre
 10733 | D:9      | Killed a two-headed ogre
 10741 | D:9      | Reached XP level 11. HP: 73/73 MP: 0/14
 10990 | D:10     | Entered Level 10 of the Dungeon
 11240 | D:10     | Noticed a two-headed ogre
 11260 | D:10     | Killed a two-headed ogre
 11335 | D:10     | Got a faintly humming robe
 11356 | D:10     | Identified the cursed +1 robe of Miucs {rCorr Str+6} (You found it on level 10 of the Dungeon)
 11452 | D:10     | Reached skill level 11 in Dodging
 11889 | D:10     | Noticed a brown ugly thing
 11904 | D:10     | Killed a brown ugly thing
 12115 | D:11     | Noticed a two-headed ogre
 12122 | D:11     | Killed a two-headed ogre
 12191 | D:10     | Reached skill level 10 in Fighting
 12302 | D:11     | Found a frozen archway.
 12380 | IceCv    | Entered an ice cave
 13768 | D:11     | Noticed a brown ugly thing
 13804 | D:11     | Killed a brown ugly thing
 13866 | D:11     | Reached ***** piety under Dithmenos
 13900 | D:11     | Reached XP level 12. HP: 47/79 MP: 0/15
 14311 | D:11     | Reached skill level 12 in Dodging
 15703 | Lair:1   | Entered Level 1 of the Lair of Beasts
 15761 | Lair:1   | Noticed Gastronok
 15867 | Lair:1   | Killed Gastronok
 15867 | Lair:1   | Reached skill level 10 in Hexes
 16306 | Lair:1   | Noticed a seven-headed hydra
 16329 | Lair:1   | Killed a seven-headed hydra
 16329 | Lair:1   | Reached skill level 13 in Dodging
 17395 | Lair:2   | Reached XP level 13. HP: 42/88 MP: 13/16
 18192 | Lair:2   | Noticed a seven-headed hydra
 18199 | Lair:2   | Killed a seven-headed hydra
 18210 | Lair:2   | Reached skill level 14 in Dodging
 18989 | Lair:2   | Noticed a four-headed hydra
 18999 | Lair:2   | Killed a four-headed hydra
 19111 | Lair:3   | Noticed Rupert
 19571 | Lair:3   | Noticed a catoblepas
 19825 | Lair:3   | HP: 2/90 [catoblepas (32)]
 19832 | Lair:3   | Mangled by a catoblepas

Vault maps used:
D:1:      dpeg_arrival_orchard, minmay_quantized
D:2:      cheibrodos_pilgrimage, lemuel_doored_altar, uniq_terence
D:3:      chequers_temple_overflow_statue_of_worship
D:4:      grunt_temple_overflow_order_and_chaos_1, tgw_fedhas,
          amethyst_overflow_temple_binary, serial_shops, shop_statue
D:5:      first_bread, st_stairs_10, uniq_crazy_yiuf_cottage, uniq_menkaure
D:6:      overflow_temple_1_default, kennysheep_mini, grunt_gozag_breadcrumbs
D:7:      minmay_temple_entry_glass, nicolae_alphabet_shops
D:8:      lair_entry_dummy
D:9:      lemuel_round_altar, uniq_grum
D:10:     blue_anna_alchemist
D:11:     portal_ice_cave_entry_imps
Lair:1:   uniq_gastronok
Lair:2:   minmay_swamp_entry_swarm
Lair:3:   minmay_snake_entry_guardpost_small, serial_bayou_pond_e,
          serial_bayou_shore_b, uniq_rupert
IceCv:    ice_cave_small_demon

Skill      XL: |  1  2  3  4  5  6  7  8  9 10 11 12 13 |
---------------+----------------------------------------+-----
Short Blades   | 2 3 4 5 8 |  8.2
Dodging        | 3 5 6 8 10 11 13 14 | 14.4
Stealth        | 5 6 9 |  9.4
Shields        | 1 2 3 4 |  4.1
Hexes          | 4 6 7 9 10 | 10.3
Fighting       | 1 3 5 7 9 10 12 13 | 13.0
Spellcasting   | |  2.1

Action                   |  1- 3 |  4- 6 |  7- 9 | 10-12 | 13-15 || total
-------------------------+-------+-------+-------+-------+-------++-------
Melee: Dagger            |    77 |       |       |       |       ||    77
       Short sword       |    38 |    84 |   250 |   524 |       ||   896
       Quick blade       |       |       |       |   661 |   274 ||   935
       Whip              |       |       |       |     5 |       ||     5
Throw: Stone             |     4 |       |       |       |       ||     4
 Cast: Corona            |    19 |     4 |     6 |    41 |     4 ||    74
       Ensorcelled Hiber |    13 |    26 |    23 |    78 |    65 ||   205
       Confuse           |       |       |    32 |    90 |     5 ||   127
       Tukima's Dance    |       |       |     9 |    29 |       ||    38
Invok: Shadow Step       |       |       |       |       |     1 ||     1
Evoke: Wand              |       |       |     5 |     3 |     1 ||     9
  Use: Scroll            |     3 |    12 |     2 |     6 |     9 ||    32
       Potion            |       |       |     1 |    14 |     2 ||    17
 Stab: Sleeping          |    17 |    23 |    21 |    44 |    33 ||   138
       Distracted        |     1 |       |     2 |     2 |       ||     5
       Confused          |       |       |    12 |    32 |     6 ||    50
       Petrified         |       |       |       |       |     1 ||     1
  Eat: Chunk             |    13 |    13 |    17 |    44 |    12 ||    99
       Meat ration       |       |       |       |     1 |       ||     1
       Royal jelly       |       |       |       |     1 |       ||     1
Armor: Robe              |    15 |    16 |    34 |    99 |    15 ||   179
       Skin              |       |       |       |    23 |       ||    23
Dodge: Dodged            |    98 |    38 |   138 |   676 |   145 ||  1095
Block: Buckler           |       |    17 |    38 |   183 |    40 ||   278
